 Dungeon Crawl Stone Soup version 0.31.0-12-g77e489cdc1 (webtiles) character file.

Game seed: 4494326690121270338

23826 hawla the Tortoise (level 12, -15/90 HPs)
             Began as a Minotaur Fighter on Feb 21, 2024.
             Was an Initiate of Yredelemnul.
             Killed from afar by a ynoxinul (35 damage)
             ... with an iron shot
             ... on level 1 of the Abyss on Feb 23, 2024.
             The game lasted 00:38:47 (15459 turns).

hawla the Tortoise (Minotaur Fighter)              Turns: 15459, Time: 00:38:48

Health: -15/90     AC: 29    Str: 34    XL:     12   Next: 75%
Magic:  8/17       EV: 10    Int: 12    God:    Yredelemnul [......]
Gold:   849        SH:  6    Dex: 12    Spells: 11/11 levels left

rFire   . . .        a - +3 long sword
rCold   + + .        c - +1 buckler
rNeg    + . .        t - +4 plate armour of the Enchanted Forest {rC++ Str+6 Int+3}
rPois   .            f - +2 hat
rElec   +            N - +0 cloak
rCorr   .            m - +0 pair of gloves
SInv    .            n - +0 pair of boots
Will    .....        B - amulet of faith Stlth
                     e - ring of positive energy
HPRegen 0.35/turn    v - +6 ring of strength
MPRegen 0.15/turn

%: faith
@: mighty, about to teleport
A: horns 2, retaliatory headbutt, clever 1, electricity resistance
a: Renounce Religion, Recall Undead Harvest


You were on level 1 of the Abyss.
You worshipped Yredelemnul.
Yredelemnul was aware of your devotion.
You visited 2 branches of the dungeon, and saw 14 of its levels.
You visited the Abyss 1 time.
You also visited: Sewer.

You collected 1301 gold pieces.
You spent 452 gold pieces at shops.

Inventory:

Hand Weapons
 a - a +3 long sword (weapon)
 r - the +6 sling of Nuetosox {speed, rCorr}
   (You found it on level 2 of the Dungeon)

   rCorr:     It protects you from acid and corrosion.
Missiles
 E - 18 poisoned darts (quivered)
 K - 2 throwing nets
Armour
 c - a +1 buckler (worn)
 f - a +2 hat (worn)
 m - a +0 pair of gloves (worn)
 n - a +0 pair of boots (worn)
 t - the +4 plate armour of the Enchanted Forest (worn) {rC++ Str+6 Int+3}
   (You acquired it on level 4 of the Dungeon)

   Str+6:     It affects your strength (+6).
   Int+3:     It affects your intelligence (+3).
   rC++:      It greatly protects you from cold.
 N - a +0 cloak (worn)
Jewellery
 d - a ring of resist corrosion
 e - a ring of positive energy (left hand)
 v - a +6 ring of strength (right hand)
 y - a +5 ring of evasion
 B - an amulet of faith (around neck)
 C - a ring of protection from cold
 G - a ring of poison resistance
 H - a ring of see invisible
Wands
 L - a wand of flame (4)
 O - a wand of digging (2)
Scrolls
 b - a scroll of blinking
 g - 2 scrolls of fog
 i - 2 scrolls of fear
 q - a scroll of teleportation
 x - 2 scrolls of vulnerability
Potions
 h - 5 potions of might
 j - 4 potions of enlightenment
 s - 5 potions of curing
 u - a potion of brilliance {unknown}
 w - a potion of haste {unknown}
 z - 2 potions of cancellation
 A - a potion of attraction {unknown}
 F - a potion of resistance {unknown}
 I - a potion of lignification
 J - a potion of berserk rage


   Skills:
 - Level 3.6 Fighting
 - Level 14.0 Long Blades
 + Level 2.5 Ranged Weapons
 - Level 18.0 Armour
 * Level 3.8 Dodging
 - Level 5.0 Shields
 - Level 8.6 Invocations
 - Level 2.0 Evocations


You had 11 spell levels left.
You didn't know any spells.
Your spell library was empty.

Dungeon Overview and Level Annotations

Branches:
Dungeon (13/15)            Temple (1/1) D:4            Lair (0/5) D:8
    Orc (0/2) D:12          Sewer (visited)
 Vaults: D:13-14

Altars:
Ashenzari
Cheibriados
Dithmenos
Elyvilon
Fedhas
Gozag
Hepliaklqana
Kikubaaqudgha
Makhleb
Nemelex Xobeh
Okawaru
Qazlal
Ru
Sif Muna
Trog
Uskayaw
Vehumet
Wu Jian
Xom
Yredelemnul
Zin
The Shining One

Shops:
D:5 (:!=   D:7 =

Annotations:
D:11 1 runed translucent door, middlethird's ghost, journeyman VSCj
D:13 Erolcha


Innate Abilities, Weirdness & Mutations

You have a pair of horns on your head.
You reflexively headbutt those who attack you in melee.
Your mind is acute. (Int +4, Str/Dex -1)
You are resistant to electric shocks. (rElec)


Message History

The large abomination is heavily damaged.
The large abomination hits you!!
You hit the large abomination but do no damage.
You headbutt the large abomination, but do no damage.
The large abomination is heavily damaged.
The large abomination hits you!!
As you read the scroll of teleportation, it crumbles to dust.
You feel strangely unstable.
You feel the power of the Abyss delaying your translocation!
You block the large abomination's attack.
You barely miss the large abomination. You headbutt the large abomination.
The large abomination is heavily damaged.
You hit the large abomination.
The large abomination is severely damaged.
The large abomination hits you!
* * * LOW HITPOINT WARNING * * *
You feel better.
The large abomination hits you but does no damage.
You feel very mighty all of a sudden. The large abomination misses you.
You hit the large abomination.
You headbutt the large abomination, but do no damage.
The large abomination is severely damaged.
The glowing orange brain pulsates.
Something gnaws on your mind!
* * * LOW HITPOINT WARNING * * *
You feel your power leaking away.
The large abomination closely misses you.
You furiously retaliate!
You headbutt the large abomination!
The ynoxinul gestures.
You slash the large abomination!
You destroy the large abomination!
You slash the ufetubus!
You kill the ufetubus!
The ufetubus disappears in a puff of smoke!
A starcursed mass comes into view.
The ynoxinul gestures at you. The iron shot hits you!!
You die...
Your body rises from the dead as a mindless zombie.

### ## ..
.... .. ....
.......
....... .
.....### # #
........5.##
. #
....X.5.3ยง##
## .. ....
..#@#..# # .
.......
##..!### ###
.. ..#..##.#
# #### #
##...# ###


You could see a starcursed mass (wandering), a ynoxinul and 2 ufetubi.

Vanquished Creatures
  Gastronok (D:8)
  2 boulder beetles
  2 two-headed ogres
  Lodul (D:13)
  Pikel (D:6)
  2 large abominations (Abyss:1)
  A cyclops (D:13)
  A worldbinder (Abyss:1)
  An orange demon (Abyss:1)
  2 unseen horrors
  A kobold demonologist (D:10)
  2 unseen horror zombies (D:10)
  Maggie (D:7)
  A komodo dragon (D:12)
  3 trolls
  2 raiju (Abyss:1)
  2 shadows
  A centaur simulacrum (D:12)
  3 wyverns
  4 wraiths
  13 yaks
  A warg (D:12)
  A chaos spawn (Abyss:1)
  4 vampire mosquitoes (D:12)
  2 acid dragons (D:11)
  2 water moccasins
  Duvessa (D:7)
  5 sky beasts
  7 ogres
  A black bear (D:3)
  A small abomination (Abyss:1)
  2 wolves (D:12)
  8 centaurs
  A kobold brigand (D:8)
  A phantom (D:4)
  4 gnoll sergeants
  A brain worm (Abyss:1)
  7 bullfrogs
  4 scorpions
  Dowan (D:7)
  4 wights (D:10)
  8 killer bees
  4 howler monkeys
  4 bombardier beetles
  6 centaur zombies (D:10)
  A hound (D:5)
  2 iron imps (Abyss:1)
  2 jellies
  3 sleepcaps
  3 iguanas
  2 orc wizards (D:10)
  2 howler monkey zombies (D:10)
  13 gnolls
  12 adders
  5 river rats (Sewer)
  A shadow imp (D:7)
  A white imp (D:5)
  5 ufetubi
  2 ribbon worms (D:2)
  4 orcs
  16 ball pythons
  8 endoplasms
  2 giant cockroaches (D:1)
  4 goblins
  12 hobgoblins
  8 jackals (D:2)
  4 quokkas
  5 bats
  10 frilled lizards
  12 kobolds
  17 rats
283 creatures vanquished.

Vanquished Creatures (collateral kills)
  A boulder beetle (D:12)
  A two-headed ogre (D:11)
  A sun demon (Abyss:1)
  A deep elf pyromancer (D:13)
  A centaur zombie (D:10)
  A troll (D:11)
  A vampire (D:10)
  5 yaks
  A centaur simulacrum (D:12)
  A basilisk (D:13)
  A small abomination (Abyss:1)
  An orc warrior (D:10)
  An ogre (D:13)
  A killer bee (D:11)
  An orc priest (D:10)
  4 gnolls
  An ufetubus (Abyss:1)
24 creatures vanquished.

Vanquished Creatures (others)
  An elf zombie (D:13)
  A spectral chaos spawn (Abyss:1)
  A wyvern zombie (D:11)
  3 yak zombies
  A raiju zombie (Abyss:1)
  A centaur zombie (D:12)
  A basilisk zombie (D:13)
  2 killer bee zombies (D:11)
  An acid dragon zombie (D:11)
  7 ogre zombies (D:13)
  A howler monkey zombie (D:10)
  2 orc zombies (D:10)
  A spectral iron imp (Abyss:1)
  2 gnoll zombies
  3 spectral ufetubi (Abyss:1)
28 creatures vanquished.

Grand Total: 335 creatures vanquished

Notes
Turn   | Place    | Note
-------+----------+-------------------------------------------
     0 | D:1      | hawla the Minotaur Fighter began the quest for the Orb.
     0 | D:1      | Reached XP level 1. HP: 19/19 MP: 0/0
   156 | D:1      | Reached XP level 2. HP: 15/26 MP: 1/1
   505 | D:1      | Reached XP level 3. HP: 26/31 MP: 2/2
  1099 | D:2      | Gained mutation: Your mind is acute. (Int +4, Str/Dex -1)
                  | [potion of mutation]
  1099 | D:2      | Gained mutation: You are resistant to electric shocks.
                  | (rElec) [potion of mutation]
  1141 | D:2      | Reached skill level 5 in Long Blades
  1244 | D:2      | Reached XP level 4. HP: 37/39 MP: 3/3
  1291 | D:2      | Found a faded altar of an unknown god.
  1329 | D:2      | Identified the +6 sling of Nuetosox {speed, rCorr}
  1443 | D:2      | You fall into a shaft and drop 1 floor!
  1516 | D:3      | Found an ornate altar of the Wu Jian Council.
  1539 | D:4      | Found a staircase to the Ecumenical Temple.
  1623 | Temple   | Entered the Ecumenical Temple
  1863 | D:4      | Noticed a phantom
  1873 | D:4      | Killed a phantom
  1874 | D:4      | Reached XP level 5. HP: 45/45 MP: 4/4
  1878 | D:4      | Found a shadowy altar of Dithmenos.
  1967 | D:3      | Found a glowing drain.
  1981 | Sewer    | Entered a sewer
  2150 | Sewer    | Reached XP level 6. HP: 40/51 MP: 5/5
  3149 | D:3      | Reached XP level 7. HP: 53/57 MP: 6/6
  3378 | D:4      | Identified a scroll of acquirement
  3378 | D:4      | Acquired the +4 plate armour of the Enchanted Forest {rC++
                  | Str+6 Int+3}
  3554 | D:4      | Reached skill level 10 in Long Blades
  3570 | D:4      | Found a stormy altar of Qazlal.
  3820 | D:5      | Entered Level 5 of the Dungeon
  3992 | D:5      | Found Talu Luss's Distillery.
  4003 | D:5      | Bought a potion of curing for 33 gold pieces
  4003 | D:5      | Bought a potion of curing for 33 gold pieces
  4003 | D:5      | Bought a potion of cancellation for 88 gold pieces
  4003 | D:5      | Bought a potion of enlightenment for 55 gold pieces
  4078 | D:5      | Found Qaemm's Antique Weapon Boutique.
  4109 | D:5      | Reached XP level 8. HP: 38/64 MP: 7/7
  4263 | D:5      | Found Roedgh's Book Boutique.
  4754 | D:5      | Found an ancient bone altar of Kikubaaqudgha.
  4756 | D:5      | Found an opulent altar of Gozag.
  4768 | D:5      | Found a sparkling altar of Nemelex Xobeh.
  4877 | D:5      | Found Ehesate's Jewellery Shop.
  5090 | D:5      | Found a shimmering altar of Xom.
  5532 | D:6      | Identified the blade talisman "Becol" {*Corrode rPois rF+++
                  | rC-}
  6439 | D:7      | Noticed Pikel
  6439 | D:7      | Noticed Maggie
  6456 | D:6      | Killed Pikel
  6457 | D:6      | Reached XP level 9. HP: 61/70 MP: 8/8
  6508 | D:7      | Killed Maggie
  6509 | D:7      | Reached skill level 5 in Shields
  6509 | D:7      | Reached skill level 5 in Armour
  6560 | D:7      | Found a radiant altar of Vehumet.
  6626 | D:7      | Noticed Dowan
  6634 | D:7      | Reached skill level 6 in Armour
  6634 | D:7      | Noticed Duvessa
  6639 | D:7      | Killed Duvessa
  6642 | D:7      | Killed Dowan
  6770 | D:7      | Reached skill level 7 in Armour
  6928 | D:7      | Found Vesu Deo's Jewellery Boutique.
  7111 | D:7      | Killed an unseen horror
  7112 | D:7      | Reached skill level 8 in Armour
  7458 | D:7      | Reached skill level 9 in Armour
  7658 | D:8      | Found a broken altar of Ashenzari.
  7833 | D:8      | Noticed Gastronok
  7880 | D:8      | Killed Gastronok
  7881 | D:8      | Reached skill level 11 in Armour
  7881 | D:8      | Reached XP level 10. HP: 30/77 MP: 9/9
  8161 | D:8      | Reached skill level 12 in Armour
  8202 | D:8      | Found a staircase to the Lair.
  8557 | D:8      | Found a glowing golden altar of the Shining One.
  8759 | D:9      | Identified the +6 chain mail "Midwoep" {Str-5 Dex+5}
  8815 | D:9      | Reached skill level 13 in Armour
  9265 | D:9      | Found a hide-covered altar of Uskayaw.
  9516 | D:10     | Entered Level 10 of the Dungeon
  9539 | D:10     | Reached skill level 1 in Evocations
  9930 | D:10     | Reached skill level 14 in Armour
 10001 | D:10     | Reached XP level 11. HP: 80/82 MP: 10/10
 10191 | D:10     | Reached skill level 15 in Armour
 10194 | D:10     | Found a basalt altar of Yredelemnul.
 10211 | D:10     | Became a worshipper of Yredelemnul the Dark
 10307 | D:7      | Bought a ring of see invisible for 210 gold pieces
 10420 | D:5      | Bought a potion of lignification for 33 gold pieces
 10537 | D:10     | Reached * piety under Yredelemnul
 10561 | D:10     | Reached ** piety under Yredelemnul
 10570 | D:10     | Reached *** piety under Yredelemnul
 10571 | D:10     | Reached **** piety under Yredelemnul
 10572 | D:10     | Reached ***** piety under Yredelemnul
 10599 | D:10     | Reached skill level 16 in Armour
 11330 | D:11     | Found a runed translucent door.
 11347 | D:11     | Noticed a four-headed hydra
 11347 | D:11     | Noticed middlethird's ghost (journeyman VSCj)
 11717 | D:11     | Noticed a two-headed ogre
 11723 | D:11     | Killed a two-headed ogre
 11724 | D:11     | Reached skill level 17 in Armour
 12075 | D:11     | Noticed a two-headed ogre
 12087 | D:11     | Killed a two-headed ogre
 12394 | D:12     | Reached skill level 18 in Armour
 12419 | D:12     | Reached skill level 1 in Invocations
 12601 | D:12     | Noticed a boulder beetle
 12616 | D:12     | Reached XP level 12. HP: 58/90 MP: 12/12
 12639 | D:12     | Killed a boulder beetle
 13246 | D:12     | Noticed a two-headed ogre
 13257 | D:12     | Killed a two-headed ogre
 13399 | D:12     | Found a staircase to the Orcish Mines.
 13406 | D:12     | Reached skill level 5 in Invocations
 13752 | D:12     | Reached ****** piety under Yredelemnul
 13773 | D:12     | Noticed a boulder beetle
 13795 | D:12     | Killed a boulder beetle
 14033 | D:13     | Noticed Lodul
 14059 | D:13     | Killed Lodul
 14167 | D:13     | Noticed a boulder beetle
 14187 | D:13     | Your ally Lodul died
 14281 | D:13     | Killed a boulder beetle
 14490 | D:13     | Noticed Erolcha
 14493 | Abyss:1  | Cast into level 1 of the Abyss (Erolcha)
 14867 | Abyss:1  | Reached skill level 1 in Dodging
 14875 | Abyss:1  | Reached skill level 1 in Ranged Weapons
 15043 | Abyss:1  | Found a corrupted altar of Lugonu.
 15459 | Abyss:1  | Noticed a starcursed mass
 15459 | Abyss:1  | Killed from afar by a ynoxinul

Illustrated notes

Levels and vault maps discovered:
D:1:      erik_arrival_triangle_small, layout_basic, minmay_hedge_maze,
          nrook_mini_backslash, st_stairs_2, minmay_misc_feat_secret_circle,
          serial_bayou_pond_e
D:2:      layout_loops_ring, ebering_ecumenical_altar_abandoned
D:3:      layout_loops_ring, mainiacjoe_overflow_surrounded_room,
          cheibrodos_sewer_entry_sluice
D:4:      layout_basic, grunt_dithmenos_smoke,
          mainiacjoe_overflow_concentric_impassable,
          minmay_temple_entry_overgrown, nicolae_figureground_sparkle
D:5:      layout_loops_corners, mainiacjoe_overflow_alcove_4,
          grunt_temple_overflow_open, serial_shops, shop, shop_fountains, shop,
          nicolae_shop_just_a_little_nook, minivault_5
D:6:      layout_basic
D:7:      layout_basic, nicolae_vehumet_altar_sigil, serial_shops, shop_statue,
          uniq_pikel, uniq_maggie, uniq_duvessa
D:8:      minmay_skewed_foursquare, layout_basic, tso_altar,
          ashenzari_conservatory_becter, uniq_gastronok
D:9:      layout_basic, nicolae_uskayaw_murder_on_the_dancefloor
D:10:     layout_cave_pods, nicolae_yredelemnul_corpse_copse, grunt_ministairs_5
D:11:     layout_basic, ebering_ghost_inner_flame
D:12:     layout_basic, minmay_orc_entry_guard_dogs, serial_bayou_pond_a,
          kennysheep_potato
D:13:     layout_loops_cross, ebering_ghost_disaster_area,
          minmay_hollow_rounded_squares, uniq_lodul, uniq_erolcha
Temple:   nicolae_temple_two_arcs
Abyss:1:  base: D:12, base: D:12, base:
D:6

Skill      XL: |  1  2  3  4  5  6  7  8  9 10 11 12 |
---------------+-------------------------------------+-----
Long Blades    | 3 4 5 7 9 11 14 | 14.0
Shields        | 4 5 |  5.0
Armour         | 11 14 18 | 18.0
Evocations     | 2 |  2.0
Invocations    | 2 8 |  8.6
Dodging        | 3 |  3.8
Ranged Weapons | 2 |  2.5
Fighting       | |  3.6

Action                     |  1- 3 |  4- 6 |  7- 9 | 10-12 || total
---------------------------+-------+-------+-------+-------++-------
  Melee: Long sword        |   119 |   193 |   300 |   698 ||  1310
         Headbutt          |    17 |    22 |    53 |   158 ||   250
   Fire: Sling             |       |       |       |     3 ||     3
  Throw: Throwing net      |       |       |     1 |     2 ||     3
         Dart              |       |       |       |     5 ||     5
 Invoke: Recall Undead Har |       |       |       |     2 ||     2
         Dark Bargain      |       |       |       |     2 ||     2
  Evoke: Wand              |       |       |       |    19 ||    19
    Use: Scroll            |     3 |     7 |     3 |    15 ||    28
         Potion            |     3 |       |     3 |     8 ||    14
   Stab: Distracted        |       |       |       |     1 ||     1
 Armour: Scale mail        |    82 |   177 |     2 |       ||   261
         Plate armour      |       |       |   189 |   609 ||   798
         Skin              |       |       |     6 |       ||     6
  Dodge: Dodged            |    59 |   112 |   119 |   371 ||   661
  Block: Buckler           |    32 |    56 |    36 |   174 ||   298
